 Dungeon Crawl Stone Soup version 0.24.0-123-gd5b16e6ec5 (webtiles) character file.

Game seed: 9824786969454505552, levelgen mode: deterministic

1916 Kobolds4U the Grappler (level 8, -1/84 HPs)
             Began as a Troll Monk on Dec 21, 2019.
             Was a Follower of Ru.
             Killed by divine providence
             ... invoked by an orc priest
              (13 damage)
             ... on level 6 of the Dungeon.
             The game lasted 00:15:14 (5167 turns).

Kobolds4U the Grappler (Troll Monk)                 Turns: 5167, Time: 00:15:15

Health: -1/84      AC:  6    Str: 20    XL:     8   Next: 95%
Magic:  0/16       EV: 10    Int: 11    God:    Ru [*.....]
Gold:   259        SH:  0    Dex: 14    Spells: 7/7 levels left

rFire    . . .     SeeInvis .   y - +2 flail (drain)
rCold    . . .     Gourm    +   (no shield)
rNeg     . . .     Faith    .   a - +0 robe
rPois    .         Spirit   +   (helmet restricted)
rElec    .         Reflect  .   (no cloak)
rCorr    .         Harm     .   (gloves unavailable)
MR       .....                  (boots unavailable)
Stlth    ++........             d - amulet of guardian spirit
HPRegen  0.64/turn              w - ring of magical power
MPRegen  0.15/turn              (no ring)

@: brilliant, no scrolls
A: large, unfitting armour, claws 3, fast metabolism 3, gourmand, regeneration
1, shaggy fur 1, tough skin 3, inability to read while threatened
a: Renounce Religion


You were on level 6 of the Dungeon.
You worshipped Ru.
Ru was aware of your devotion.
You were completely stuffed.

You visited 2 branches of the dungeon, and saw 7 of its levels.
You also visited: Sewer.

You collected 259 gold pieces.

Inventory:

Hand Weapons
 n - a +0 mace
 y - a +2 flail of draining (weapon)
 A - a +0 morningstar
Armour
 a - a +0 robe (worn)
Jewellery
 d - an amulet of guardian spirit (around neck)
 e - an uncursed amulet of the acrobat
 w - a ring of magical power (left claw)
 B - a +5 amulet of reflection {unknown}
Wands
 m - a wand of random effects (14)
 r - a wand of flame (12)
 s - a wand of polymorph (7)
Scrolls
 h - 2 scrolls of identify {unknown}
 i - 2 scrolls of enchant weapon {unknown}
 j - a scroll of amnesia {unknown}
 l - 2 scrolls of remove curse
 q - a scroll of teleportation {unknown}
 u - 2 scrolls of fear {unknown}
 v - a scroll of random uselessness {unknown}
Potions
 c - a potion of heal wounds
 f - 4 potions of flight
 g - a potion of degeneration {unknown}
 k - 2 potions of brilliance
 o - 2 potions of ambrosia {unknown}
 p - a potion of might {unknown}
 t - a potion of cancellation {unknown}
 x - a potion of curing {unknown}
Comestibles
 b - 6 rations
 z - 7 chunks of flesh


   Skills:
 + Level 6.5 Fighting
 * Level 3.5 Maces & Flails
 - Level 2.4 Dodging
 - Level 1.0 Stealth
 - Level 8.7 Unarmed Combat


You had 7 spell levels left.
You didn't know any spells.
Your spell library was empty.

Dungeon Overview and Level Annotations

Branches:
Dungeon (6/15)             Temple (1/1) D:5           Sewer (visited)

Altars:
Ashenzari
Cheibriados
Dithmenos
Elyvilon
Gozag
Hepliaklqana
Nemelex Xobeh
Ru
Trog
Uskayaw
Vehumet
Xom
Yredelemnul
Zin

Annotations:
D:6 2 transporters


Innate Abilities, Weirdness & Mutations

You are too large for most types of armour.
You have claws for hands.
Your metabolism is lightning-fast.
You like to eat raw meat.
Your natural rate of healing is unusually fast.
You are covered in fur. (AC +1)
You have extremely tough skin. (AC +3)
You cannot read scrolls while threatened.


Message History

The orc priest looks satisfied for a moment.
You closely miss something.
The orc warrior throws a stone.
Reactivating autopickup.
You feel a bit more experienced.
You hit the orc warrior but do no damage.
You drain the orc warrior.
The orc warrior is almost dead.
The orc warrior hits you with a +0 scimitar.
* * * LOW HITPOINT WARNING * * *
You barely miss the orc warrior.
The orc warrior is almost dead.
The orc warrior hits you with a +0 scimitar.
* * * LOW HITPOINT WARNING * * *
The orc priest casts a cantrip, but nothing happens.
You hit the orc warrior but do no damage.
The orc warrior is almost dead.
The orc warrior barely misses you.
The orc priest calls down the wrath of Beogh upon you.
Beogh smites you!
You die...

#.#.###.####..###
.................
#................
#.#..##.###..###.
........##..#####
.###........###y#
............##...#
######...#.##.##.###
#(.@oo.....##.##.. #
######..(.....#. .#
...............#(. .
.##.###...#.#.©#©.
.# ..........#!.
###..#..##.#?# .
.........##. #
....##.##. # #....#
.. #


You could see an orc warrior and an orc priest.

Vanquished Creatures
  Grinder (D:4)
  Menkaure (D:4)
  Edmund (D:6)
  Duvessa (D:4)
  A black bear (D:6)
  2 centaurs
  2 ogres
  A big kobold (Sewer)
  A bullfrog (D:6)
  A scorpion (D:6)
  Dowan (D:4)
  2 howler monkeys
  2 crimson imps (D:5)
  A hound (D:4)
  3 jellies
  An orc wizard (D:4)
  Ijyb (D:4)
  A bullfrog skeleton (D:4)
  Jessica (D:3)
  4 worker ants
  A hound zombie (D:5)
  4 gnolls (D:5)
  6 adders
  A river rat (Sewer)
  A shadow imp (D:4)
  An adder skeleton (D:5)
  An adder zombie (D:5)
  A dart slug (D:3)
  A worm (D:5)
  9 leopard geckos
  22 orcs
  5 bats
  4 giant cockroaches
  6 goblins
  12 hobgoblins
  A jackal (Sewer)
  8 kobolds
  3 quokkas
  2 ball pythons
  17 frilled lizards
  A leopard gecko skeleton (D:6)
  13 rats
149 creatures vanquished.

Vanquished Creatures (others)
  An orc wizard (D:6)
1 creature vanquished.

Grand Total: 150 creatures vanquished

Notes
Turn   | Place    | Note
-------+----------+-------------------------------------------
     0 | D:1      | Kobolds4U the Troll Monk began the quest for the Orb.
     0 | D:1      | Reached XP level 1. HP: 22/22 MP: 0/0
   101 | D:1      | Reached XP level 2. HP: 29/29 MP: 1/1
   147 | D:1      | Reached skill level 4 in Unarmed Combat
   429 | D:1      | Reached XP level 3. HP: 33/36 MP: 2/2
  1207 | D:2      | Found a shattered altar of Ashenzari.
  1524 | D:3      | Noticed Jessica
  1529 | D:3      | Killed Jessica
  1529 | D:3      | Reached skill level 5 in Unarmed Combat
  1529 | D:3      | Reached XP level 4. HP: 35/44 MP: 3/3
  2210 | D:3      | Reached XP level 5. HP: 50/50 MP: 4/4
  2634 | D:4      | Noticed an ogre
  2637 | D:4      | Killed an ogre
  2637 | D:4      | Reached skill level 6 in Unarmed Combat
  2646 | D:4      | Reached XP level 6. HP: 57/61 MP: 5/5
  2655 | D:4      | Noticed Menkaure
  2655 | D:4      | Noticed Grinder
  2694 | D:4      | Killed Menkaure
  2890 | D:4      | Killed Grinder
  2890 | D:4      | Reached skill level 7 in Unarmed Combat
  2890 | D:4      | Reached XP level 7. HP: 45/71 MP: 6/6
  2950 | D:4      | Noticed Ijyb
  2960 | D:4      | Killed Ijyb
  2963 | D:4      | Noticed Dowan
  2964 | D:4      | Noticed Duvessa
  2972 | D:4      | Killed Dowan
  2997 | D:4      | Killed Duvessa
  3126 | D:4      | Reached skill level 5 in Fighting
  3451 | D:5      | Entered Level 5 of the Dungeon
  3543 | D:5      | Got a translucent hunting sling
  3613 | D:5      | Reached skill level 8 in Unarmed Combat
  3613 | D:5      | Reached XP level 8. HP: 65/81 MP: 7/7
  3677 | D:5      | Found a staircase to the Ecumenical Temple.
  3686 | Temple   | Entered the Ecumenical Temple
  3744 | Temple   | Became a worshipper of Ru the Awakened
  4000 | D:5      | Found a glowing drain.
  4004 | Sewer    | Entered a sewer
  4135 | Sewer    | Found a white marble altar of Elyvilon.
  4411 | D:6      | Noticed Edmund
  4425 | D:6      | Killed Edmund
  4674 | D:6      | Reached skill level 1 in Maces & Flails
  4770 | D:6      | Gained mutation: You cannot read scrolls while threatened.
                  | [Ru sacrifice]
  4770 | D:6      | Reached * piety under Ru
  4859 | D:6      | Noticed a hornet
  5105 | D:6      | Found a transporter.
  5110 | D:6      | Found a transporter.
  5167 | D:6      | Killed from afar by an orc priest

Levels and vault maps discovered:
D:1:      saegor_arrival_simple_d, layout_rooms, serial_bayou,
          serial_bayou_pond_d, serial_bayou_pond_b, serial_bayou_lake_a,
          serial_bayou_shore_b, serial_bayou_lagoon_a, serial_bayou_shore_a,
          chequers_serial_rivers_micro_b
D:2:      layout_basic, nicolae_overflow_crystal_walls, skrybe_limestone_x,
          minmay_indecisive_spiral
D:3:      layout_loops_corners, minmay_lizard_king, uniq_jessica
D:4:      layout_basic, minmay_misc_feat_roman, minivault_25,
          chequers_serial_rivers_marsh, uniq_grinder, uniq_duvessa, uniq_ijyb,
          uniq_menkaure
D:5:      layout_gridville, minmay_temple_entry_gardened_gates, first_ration,
          gup_sewer_entry_bowl
D:6:      layout_basic, gammafunk_ghost_hive, grunt_tough_drop, uniq_edmund
Temple:   cyrus_circular_temple

Skill      XL: |  1  2  3  4  5  6  7  8 |
---------------+-------------------------+-----
Unarmed Combat | 4 5 6 7 8 |  8.7
Fighting       | 3 4 5 6 |  6.5
Maces & Flails | 3 |  3.5
Dodging        | |  2.4
Stealth        | |  1.0

Action                   |  1- 3 |  4- 6 |  7- 9 || total
-------------------------+-------+-------+-------++-------
Melee: Unarmed           |   103 |   117 |   155 ||   375
       Punch             |     3 |     5 |     8 ||    16
       Flail             |       |       |    73 ||    73
Invok: Sacrifice Words   |       |       |     1 ||     1
  Use: Potion            |       |       |     3 ||     3
       Scroll            |       |       |     1 ||     1
 Stab: Sleeping          |     2 |       |     1 ||     3
  Eat: Chunk             |    20 |    12 |    22 ||    54
Armor: Robe              |    42 |    30 |    66 ||   138
Dodge: Dodged            |    68 |    64 |   130 ||   262
